 Dungeon Crawl Stone Soup version 0.17-b1-15-g0f5fb43 (webtiles) character file.

931 4thArraOfDagon the Insei (level 7, -1/52 HPs)
             Began as a Demonspawn Assassin on Nov 3, 2015.
             Was a Follower of Cheibriados.
             Slain by a shadow imp (3 damage)
             ... on level 5 of the Dungeon.
             The game lasted 00:10:15 (1627 turns).

4thArraOfDagon the Insei (Demonspawn Assassin)      Turns: 1627, Time: 00:10:15

Health: -1/52      AC:  8    Str: 14    XL:     7   Next: 86%
Magic:  8/8        EV: 11    Int: 16    God:    Cheibriados [*.....]
Gold:   66         SH:  0    Dex: 14    Spells: 2 memorised, 2 levels left

rFire  + . .     SeeInvis +       - Unarmed
rCold  + . .     Clarity  .     n - +0 ring mail
rNeg   . . .     SustAt   .     (no shield)
rPois  +         Gourm    .     (helmet restricted)
rElec  .         Spirit   .     v - +2 cloak {rPois}
rCorr  .         Warding  .     (no gloves)
rMut   .         Stasis   .     (no boots)
MR     .....                    u - amulet "Yprebikk" {+Rage rF+ rC+ Dex-4 SInv}
Stlth  ++........               (no ring)
                                (no ring)

@: very slow, not resistant to hostile enchantments, unstealthy
A: horns 1, thin skeletal structure 1, powered by pain 1
a: Bend Time, Renounce Religion, Evoke Berserk Rage


You were on level 5 of the Dungeon.
You worshipped Cheibriados.
Cheibriados was aware of your devotion.
You were not hungry.

You visited 2 branches of the dungeon, and saw 8 of its levels.

You collected 156 gold pieces.
You spent 90 gold pieces at shops.

Inventory:

Hand Weapons
 a - a +2 dagger
 b - a +0 blowgun
 i - a +1 spear of venom
Missiles
 e - 21 poisoned needles
 f - 5 curare-tipped needles
 q - 6 javelins (quivered)
Armour
 n - a +0 ring mail (worn)
 v - a +2 cloak of poison resistance (worn)
Jewellery
 h - an uncursed ring of fire
 t - an uncursed ring of fire
 u - the amulet "Yprebikk" (around neck) {+Rage rF+ rC+ Dex-4 SInv}
   (You took it off a gnoll on level 5 of the Dungeon)

   [amulet of rage]

   It affects your dexterity (-4).
   It protects you from fire.
   It protects you from cold.
   It lets you see invisible.
   It lets you go berserk.
Scrolls
 k - a scroll of random uselessness
 l - a scroll of remove curse
 r - a scroll of enchant weapon
Comestibles
 c - 2 meat rations
 g - 3 bread rations
 j - 4 chunks of flesh
 m - a beef jerky
 s - a royal jelly


   Skills:
 + Level 3.0 Fighting
 - Level 1.7 Short Blades
 - Level 1.7 Throwing
 + Level 2.1 Dodging
 - Level 3.6 Stealth
 * Level 7.1 Unarmed Combat
 + Level 2.4 Invocations
 * Level 1.4 Evocations


You had 2 spell levels left.
You knew the following spells:

 Your Spells              Type           Power        Failure   Level  Hunger
a - Animate Skeleton      Necr           N/A          54%         1    ##.....
b - Regeneration          Chrm/Necr      #.........   98%         3    ####...


Dungeon Overview and Level Annotations

Branches:
Dungeon (7/15)             Temple (1/1) D:7

Altars:
Ashenzari
Cheibriados
Elyvilon
Gozag
Okawaru
Qazlal
Ru
Xom

Shops:
D:5 [

Annotations:
D:5 4thArraOfDagon's ghost, weakling DsAs


Innate Abilities, Weirdness & Mutations

You have a pair of small horns on your head.
You have a somewhat thin skeletal structure (Dex +2, Stealth).
You sometimes gain a little power by taking damage.


Message History

Cheibriados appreciates the change of pace.
Unknown command.
Unknown command.
Wield which item (- for none, * to show all)? (? for menu, Esc to quit)
Your +1 spear of venom stops dripping with poison.
You are now empty-handed.
Unknown command.
You hit the shadow imp. You headbutt the shadow imp.
The shadow imp is heavily wounded.
The shadow imp completely misses you.
Unknown command.
You closely miss the shadow imp.
The shadow imp is heavily wounded.
The shadow imp hits you but does no damage.
Unknown command.
Unknown command.
You hit the shadow imp but do no damage.
The shadow imp is heavily wounded.
The shadow imp hits you.
You die...

. ##.........####..##.......
##..###..#.# .....[...#<.
########..##.!##.##....).......
..............##.#........#....
###..........##..#..#..#..##...
##########......#.#. #. ##..
#.###...# . ## #..
####5##....... ... #@)..#..#...
... # ###.#..#.. . ######### ##
.O.... ......... ..#..
........# .# . .######## .. .#
.# .#


You could see a shadow imp.

Vanquished Creatures
  5 ogres
  A giant frog (D:6)
  2 scorpions
  A hound (D:6)
  A crimson imp (D:4)
  An orc priest (D:4)
  A giant frog skeleton (D:4)
  4 worker ants
  7 gnolls
  2 adders
  An adder zombie (D:5)
  10 orcs
  A bat (D:1)
  A giant cockroach (D:1)
  A goblin (D:6)
  A hobgoblin (D:1)
  6 jackals (D:7)
  2 kobolds
  A giant gecko skeleton (D:4)
  3 giant newts
  3 quokkas
  2 rats
57 creatures vanquished.

Notes
Turn   | Place    | Note
--------------------------------------------------------------
     0 | D:1      | 4thArraOfDagon the Demonspawn Assassin began the quest for the Orb.
     0 | D:1      | Reached XP level 1. HP: 16/16 MP: 1/1
    35 | D:1      | Reached skill level 1 in Unarmed Combat
   161 | D:3      | Gained mutation: You have a somewhat thin skeletal structure (Dex +2, Stealth). [demonic ancestry]
   161 | D:3      | Reached XP level 2. HP: 12/22 MP: 2/2
   189 | D:3      | Found a stormy altar of Qazlal.
   239 | D:3      | Noticed an orc priest
   286 | D:4      | Noticed an ogre
   298 | D:4      | Killed an ogre
   298 | D:4      | Reached skill level 4 in Unarmed Combat
   298 | D:4      | Reached XP level 3. HP: 22/27 MP: 3/3
   298 | D:4      | Gained mutation: You sometimes gain a little power by taking damage. [demonic ancestry]
   298 | D:4      | Reached XP level 4. HP: 26/33 MP: 4/4
   376 | D:4      | Noticed an ogre
   394 | D:4      | Reached XP level 5. HP: 23/38 MP: 5/5
   409 | D:4      | Killed an ogre
   409 | D:4      | Reached skill level 5 in Unarmed Combat
   467 | D:5      | Entered Level 5 of the Dungeon
   544 | D:6      | Gained mutation: You have a pair of small horns on your head. [demonic ancestry]
   544 | D:6      | Reached XP level 6. HP: 39/44 MP: 6/6
   682 | D:6      | Reached skill level 6 in Unarmed Combat
   720 | D:6      | Found an iron altar of Okawaru.
   856 | D:7      | Found a staircase to the Ecumenical Temple.
   865 | Temple   | Entered the Ecumenical Temple
   876 | Temple   | Became a worshipper of Cheibriados the Contemplative
   953 | D:7      | Reached skill level 1 in Dodging
   953 | D:7      | Reached XP level 7. HP: 50/50 MP: 7/7
   986 | D:7      | Reached skill level 1 in Invocations
  1162 | D:6      | Learned a level 1 spell: Animate Skeleton
  1166 | D:6      | Learned a level 3 spell: Regeneration
  1216 | D:5      | Found Cumufai's Antique Armour Shop.
  1217 | D:5      | Noticed 4thArraOfDagon's ghost (weakling DsAs)
  1229 | D:5      | Found a white marble altar of Elyvilon.
  1258 | D:5      | Noticed an ogre
  1266 | D:5      | Killed an ogre
  1289 | D:5      | Got a smoking diamond amulet
  1295 | D:5      | Identified the amulet "Yprebikk" {+Rage rF+ rC+ Dex-4 SInv} (You took it off a gnoll on level 5 of the Dungeon)
  1326 | D:5      | Bought a runed cloak for 90 gold pieces
  1326 | D:5      | Noticed an ogre
  1496 | D:4      | Reached skill level 7 in Unarmed Combat
  1509 | D:4      | Reached skill level 1 in Evocations
  1525 | D:4      | Reached * piety under Cheibriados
  1579 | D:5      | Noticed a sky beast
  1589 | D:5      | Noticed an ice beast
  1621 | D:5      | Killed an ogre
  1621 | D:5      | HP: 1/52 [adder zombie (3)]
  1627 | D:5      | Slain by a shadow imp

Action                   |  1- 3 |  4- 6 |  7- 9 || total
-------------------------+-------+-------+-------++-------
Melee: Dagger            |    13 |       |       ||    13
       Unarmed           |     4 |    34 |    23 ||    61
       Spear             |       |    27 |    75 ||   102
 Fire: Blowgun           |    19 |    29 |     4 ||    52
  Use: Scroll            |       |     5 |     2 ||     7
       Potion            |       |     2 |       ||     2
 Stab: Sleeping          |     4 |     3 |       ||     7
       Distracted        |       |       |     1 ||     1
  Eat: Chunk             |       |       |     3 ||     3
